 Dungeon Crawl Stone Soup version 0.29-a0-11-ga75d3d97ab (webtiles) character file.

Game seed: 13595629164614763413

646244 fragbeetle the Crack Shot (level 27, -2/235 HPs)
             Began as a Gnoll Hedge Wizard on Jan 26, 2022.
             Was a High Priest of Ashenzari.
             Slain by a death cob (23 damage)
             ... on level 5 of the Realm of Zot on Jan 29, 2022.
             The game lasted 08:37:22 (88232 turns).

fragbeetle the Crack Shot (Gnoll Hedge Wizard)     Turns: 88232, Time: 08:37:23

Health: -2/235     AC: 27    Str: 16 (19) XL:     27
Magic:  12/51      EV: 13    Int: 20 (26) God:    Ashenzari [*****.]
Gold:   3761       SH:  0    Dex: 17 (18) Spells: 3/74 levels left

rFire   + + +      SeeInvis +   b - +7 double sword (protect)
rCold   + + .      Faith    .   u - +2 buckler of Panopticon {Alch, Bglg} (curse)
rNeg    + + +      Spirit   .   A - +2 robe of the Astrological Moon {Archmagi, Bglg, Fort} (curse)
rPois   ∞          Reflect  .   E - +2 helmet "Eternal With Me" {Int+3, Self, Melee} (curse)
rElec   +          Harm     .   M - scarf "Ensconced With Me" {rC+ rF+, Self, Elem} (curse)
rCorr   .          Rampage  .   r - +2 pair of gloves "Per Aspera Ad Scientiam" {Str+3, Self, Bglg} (curse)
Will    ++++.      Archmagi +   L - +2 pair of boots "Tethered Vision" {rF+ Dex+4, Comp, Bglg} (curse)
Stlth   +++++..... Clarity  +   f - amulet of the All-seeing Planets {RegenMP rElec rPois rN++ Int-3, Evo, Elem} (curse)
HPRegen 1.29/turn               q - ring "Shackled Burden" {rF+ AC+4 Str+5 SInv, Melee, Cun} (curse)
MPRegen 0.72/turn               k - ring of willpower

@: about to teleport, lich-form, held, studying 2 skills, very slow
A: draining attack, torment immunity, no potions, fangs 1, strong nose,
distributed training, thin skeletal structure 1, deterioration 1, regeneration
1, subdued magic 1, noise suppression
}: 3/15 runes: barnacled, abyssal, gossamer
a: End Transformation, Renounce Religion, Curse Item, Shatter the Chains


You were on level 5 of the Realm of Zot.
You worshipped Ashenzari.
Ashenzari was extremely pleased with you.
You were an undead lich.
You visited 11 branches of the dungeon, and saw 51 of its levels.
You visited the Abyss 1 time.
You visited 2 bazaars.
You also visited: Ossuary, Bailey, Gauntlet, Ice Cave and Desolation.

You collected 10642 gold pieces.
You spent 6881 gold pieces at shops.

Inventory:

Hand Weapons
 a - the +3 hunting sling of Distant Shores {freeze, +Blink Will+ rCorr Str+3}
   (You found it in a Gauntlet)

   Any ammunition fired from it freezes those it strikes, dealing additional
   cold damage.
   It can also slow down cold-blooded creatures.
   Str:       It affects your strength (+3).
   +Blink:    It lets you blink.
   rCorr:     It protects you from acid and corrosion.
   Will:      It increases your willpower.
 b - a +7 double sword of protection (weapon)
 U - the +8 Vampire's Tooth {vamp}
   (You found it on level 14 of the Dungeon)

   It occasionally heals its wielder for the full amount of damage dealt when it
   wounds a living foe.
 Y - the +6 long sword of the Tundras {vorpal, Int+4}
   (You took it off a spriggan air mage on level 3 of the Depths)

   It inflicts extra damage upon your enemies.
   Int:       It affects your intelligence (+4).
Missiles
 y - 161 sling bullets
Armour
 r - the cursed +2 pair of gloves "Per Aspera Ad Scientiam" (worn) {Str+3, Self, Bglg}
   (You bought it in a shop in a bazaar)

   It has a curse which improves the following skills: Introspection: Fighting
   and Spellcasting.
   Beguiling: Conjurations, Hexes and Translocations.
 u - the cursed +2 buckler of Panopticon (worn) {Alch, Bglg}
   (You took it off a tengu conjurer on level 15 of the Dungeon)

   It has a curse which improves the following skills: Alchemy: Poison Magic and
   Transmutations.
   Beguiling: Conjurations, Hexes and Translocations.
 A - the cursed +2 robe of the Astrological Moon (worn) {Archmagi, Bglg, Fort}
   (You took it off an orc sorcerer on level 2 of the Orcish Mines)

   It has a curse which improves the following skills: Beguiling: Conjurations,
   Hexes and Translocations.
   Fortitude: Armour and Shields.
 E - the cursed +2 helmet "Eternal With Me" (worn) {Int+3, Self, Melee}
   (You found it in a Gauntlet)

   It has a curse which improves the following skills: Introspection: Fighting
   and Spellcasting.
   Melee Combat: Short Blades, Long Blades, Axes, Maces & Flails, Polearms,
   Staves and Unarmed Combat.
 L - the cursed +2 pair of boots "Tethered Vision" (worn) {rF+ Dex+4, Comp, Bglg}
   (You found it in a Gauntlet)

   Dex:       It affects your dexterity (+4).
   rF:        It protects you from fire.
   It has a curse which improves the following skills: Companions: Summonings
   and Necromancy.
   Beguiling: Conjurations, Hexes and Translocations.
 M - the cursed scarf "Ensconced With Me" (worn) {rC+ rF+, Self, Elem}
   (You found it on level 4 of the Spider Nest)

   It has a curse which improves the following skills: Introspection: Fighting
   and Spellcasting.
   Elements:  Fire Magic, Ice Magic, Air Magic and Earth Magic.
Jewellery
 f - the cursed amulet of the All-seeing Planets (around neck) {RegenMP rElec rPois rN++ Int-3, Evo, Elem}
   (You bought it in a shop in a bazaar)

   [amulet of magic regeneration]

   It increases your rate of magic regeneration.
   Int:       It affects your intelligence (-3).
   rElec:     It insulates you from electricity.
   rPois:     It protects you from poison.
   rN:        It greatly protects you from negative energy.
   It has a curse which improves the following skills: Evocations: Evocations.
   Elements:  Fire Magic, Ice Magic, Air Magic and Earth Magic.
 i - a +4 ring of protection
 k - a ring of willpower (right hand)
 q - the cursed ring "Shackled Burden" (left hand) {rF+ AC+4 Str+5 SInv, Melee, Cun}
   (You found it on level 4 of the Dungeon)

   [ring of protection]

   AC:        It affects your AC (+4).
   Str:       It affects your strength (+5).
   rF:        It protects you from fire.
   SInv:      It lets you see invisible.
   It has a curse which improves the following skills: Melee Combat: Short
   Blades, Long Blades, Axes, Maces & Flails, Polearms, Staves and Unarmed
   Combat.
   Cunning:   Dodging and Stealth.
 s - the ring "Peon" {rF+ rC+ Int+5 Dex-3 Slay+4}
   (You found it in the Desolation of Salt)

   [ring of protection from fire]

   Int:       It affects your intelligence (+5).
   Dex:       It affects your dexterity (-3).
   Slay:      It affects your accuracy & damage with ranged weapons and melee
   (+4).
   rF:        It protects you from fire.
   rC:        It protects you from cold.
 T - a ring of resist corrosion
Wands
 G - a wand of mindburst (9)
 J - a wand of iceblast (36)
 P - a wand of acid (37)
 R - a wand of digging (25)
 V - a wand of charming (9)
Scrolls
 d - a scroll of enchant armour
 g - 5 scrolls of fog
 j - 13 scrolls of teleportation
 n - 2 scrolls of holy word
 o - a scroll of blinking
 p - 3 scrolls of summoning
 t - 9 scrolls of fear
 w - 5 scrolls of vulnerability
 H - 5 scrolls of magic mapping
 I - 2 scrolls of amnesia
 Z - a scroll of silence
Potions
 c - 21 potions of curing
 e - 6 potions of magic
 h - 6 potions of might
 m - 4 potions of mutation
 v - 10 potions of heal wounds
 x - 10 potions of brilliance
 z - 3 potions of cancellation
 B - 11 potions of lignification
 F - 3 potions of resistance
 K - 5 potions of invisibility
 O - 9 potions of ambrosia
 S - 6 potions of haste
Miscellaneous
 l - a box of beasts (inert)
 C - a phial of floods (inert)
 N - a lightning rod (4/4)
 Q - a phantom mirror (inert)
 W - a tin of tremorstones (2/2)
 X - a condenser vane (inert)


   Skills:
 + Level 18.8(23.0) Fighting
 + Level 18.8(22.0) Short Blades
 + Level 19.8(22.9) Long Blades
 + Level 18.8(22.0) Axes
 + Level 18.8(22.0) Maces & Flails
 + Level 18.8(22.0) Polearms
 + Level 18.8(22.0) Staves
 + Level 18.8 Slings
 + Level 21.1 Bows
 + Level 18.8 Crossbows
 + Level 18.8 Throwing
 + Level 18.8(20.8) Armour
 + Level 19.2(21.3) Dodging
 + Level 19.2(21.2) Stealth
 + Level 18.8(20.8) Shields
 + Level 18.8(22.0) Unarmed Combat
 + Level 19.9(24.0) Spellcasting
 + Level 16.1(21.5) Conjurations
 + Level 16.0(21.4) Hexes
 + Level 16.1(18.3) Summonings
 + Level 16.0(18.2) Necromancy
 + Level 16.1(21.5) Translocations
 + Level 16.0(18.2) Transmutations
 + Level 16.0(19.3) Fire Magic
 + Level 16.0(19.3) Ice Magic
 + Level 16.0(19.3) Air Magic
 + Level 16.0(19.3) Earth Magic
 + Level 16.0(18.2) Poison Magic
 + Level 20.3 Invocations
 + Level 18.8(20.8) Evocations


You had 3 spell levels left.
You knew the following spells:

 Your Spells              Type           Power      Damage    Failure   Level
a - Magic Dart            Conj           100%       1d8       0%          1
b - Statue Form           Tmut/Erth      56%        N/A       1%          6
c - Spellforged Servitor  Conj/Summ      44%        N/A       1%          7
d - Borgnjor's Vile Clut  Necr/Erth      53%        N/A       0%          5
e - Metabolic Englaciati  Hex/Ice        44%        N/A       0%          5
h - Summon Hydra          Summ           42%        N/A       1%          7
k - Blink                 Tloc           100%       N/A       0%          2
l - Ozocubu's Armour      Ice            87%        N/A       0%          3
m - Ozocubu's Refrigerat  Ice            43%        4d13      1%          7
n - Necromutation         Tmut/Necr      53%        N/A       5%          8
p - Lehudib's Crystal Sp  Conj/Erth      44%        10d11     1%          8
q - Lee's Rapid Deconstr  Erth           43%        3d22*     0%          5
w - Orb of Destruction    Conj           45%        9d12      1%          7

Your spell library contained the following spells:

 Spells                   Type           Power      Damage    Failure   Level
 Apportation              Tloc           100%       N/A       0%          1
 Beastly Appendage        Tmut           100%       N/A       0%          1
 Foxfire                  Conj/Fire      100%       2x1d9     0%          1
 Sandblast                Erth           100%       2d20      0%          1
 Shock                    Conj/Air       100%       1d9       0%          1
 Slow                     Hex            100%       N/A       0%          1
 Sting                    Tmut/Pois      100%       1d8       0%          1
 Summon Small Mammal      Summ           100%       N/A       0%          1
 Call Imp                 Summ           84%        N/A       0%          2
 Corpse Rot               Necr/Air       100%       N/A       0%          2
 Ensorcelled Hibernation  Hex/Ice        100%       N/A       0%          2
 Passwall                 Tmut/Erth      70%        N/A       0%          2
 Poisonous Vapours        Pois/Air       100%       N/A       0%          2
 Scorch                   Fire           100%       2d10      0%          2
 Searing Ray              Conj           100%       2d8       0%          2
 Static Discharge         Conj/Air       89%        N/A       0%          2
 Sublimation of Blood     Necr           100%       N/A       0%          2
 Wereblood                Tmut           84%        N/A       0%          2
 Call Canine Familiar     Summ           84%        N/A       0%          3
 Confusing Touch          Hex            90%        N/A       0%          3
 Conjure Flame            Conj/Fire      89%        6-21      0%          3
 Dazzling Flash           Conj/Hex       100%       N/A       0%          3
 Frozen Ramparts          Ice            100%       1d12      0%          3
 Gell's Gravitas          Tloc           91%        N/A       0%          3
 Ignite Poison            Fire/Tmut/Pois 85%        N/A       0%          3
 Inner Flame              Hex/Fire       89%        N/A       0%          3
 Mephitic Cloud           Conj/Pois/Air  87%        N/A       0%          3
 Portal Projectile        Hex/Tloc       100%       N/A       0%          3
 Spider Form              Tmut/Pois      84%        N/A       0%          3
 Stone Arrow              Conj/Erth      100%       3d13      0%          3
 Summon Guardian Golem    Hex/Summ       88%        N/A       0%          3
 Swiftness                Air            87%        N/A       0%          3
 Teleport Other           Tloc           91%        N/A       0%          3
 Tukima's Dance           Hex            90%        N/A       0%          3
 Vampiric Draining        Necr           100%       2d13      0%          3
 Airstrike                Air            43%        N/A       0%          4
 Anguish                  Hex/Necr       54%        N/A       0%          4
 Animate Armour           Summ/Erth      100%       N/A       0%          4
 Animate Dead             Necr           53%        N/A       0%          4
 Cause Fear               Hex            45%        N/A       0%          4
 Dispel Undead            Necr           100%       3d31      0%          4
 Flame Wave               Conj/Fire      89%        2d15      0%          4
 Fulminant Prism          Conj/Hex       45%        3d21      0%          4
 Ice Form                 Ice/Tmut       85%        N/A       0%          4
 Iskenderun's Mystic Bla  Conj/Tloc      91%        2d18      0%          4
 Leda's Liquefaction      Hex/Erth       44%        N/A       0%          4
 Olgreb's Toxic Radiance  Pois           84%        N/A       0%          4
 Petrify                  Tmut/Erth      85%        N/A       0%          4
 Sticky Flame             Conj/Fire      89%        2d10      0%          4
 Summon Ice Beast         Ice/Summ       86%        N/A       0%          4
 Summon Lightning Spire   Summ/Air       86%        N/A       0%          4
 Agony                    Necr           100%       N/A       0%          5
 Alistair's Intoxication  Tmut/Pois      56%        N/A       0%          5
 Blade Hands              Tmut           42%        N/A       0%          5
 Excruciating Wounds      Necr           53%        N/A       0%          5
 Fireball                 Conj/Fire      44%        3d18      0%          5
 Freezing Cloud           Conj/Ice/Air   44%        6-21      0%          5
 Irradiate                Conj/Tmut      44%        3d28      0%          5
 Iskenderun's Battlesphe  Conj           91%        2d14      0%          5
 Manifold Assault         Tloc           91%        N/A       0%          5
 Summon Forest            Summ/Tloc      44%        N/A       0%          5
 Summon Mana Viper        Hex/Summ       88%        N/A       0%          5
 Yara's Violent Unravell  Hex/Tmut       43%        3d17      0%          5
 Conjure Ball Lightning   Conj/Air       44%        3x3d15    1%          6
 Death Channel            Necr           53%        N/A       1%          6
 Dispersal                Tloc           45%        N/A       1%          6
 Eringya's Noxious Bog    Tmut/Pois      42%        N/A       1%          6
 Iron Shot                Conj/Erth      44%        9d9       1%          6
 Simulacrum               Ice/Necr       53%        N/A       1%          6
 Starburst                Conj/Fire      44%        6d12      1%          6
 Summon Cactus Giant      Summ           42%        N/A       1%          6
 Dragon Form              Tmut           42%        N/A       1%          7
 Enfeeble                 Hex            45%        N/A       1%          7
 Haunt                    Necr/Summ      53%        N/A       1%          7
 Monstrous Menagerie      Summ           42%        N/A       1%          7
 Storm Form               Tmut/Air       42%        N/A       1%          7
 Ignition                 Fire           43%        3d13      3%          8
 Maxwell's Capacitive Co  Air            43%        ∞         3%          8
 Borgnjor's Revivificati  Necr           53%        N/A       5%          8
 Infestation              Necr           53%        N/A       5%          8
 Shatter                  Erth           43%        3d34*     50%         9
 Death's Door             Necr           53%        N/A       67%         9


Dungeon Overview and Level Annotations

Branches:
Dungeon (15/15)            Temple (1/1) D:5            Lair (6/6) D:8
 Shoals (4/4) Lair:4       Spider (4/4) Lair:3        Slime (0/5) Lair:5
    Orc (2/2) D:12            Elf (3/3) Orc:2        Vaults (4/5) D:14
  Crypt (3/3) Vaults:2       Tomb (0/3) Crypt:3      Depths (4/4) D:15
    Zot (5/5) Depths:4    Ossuary (visited)          Bailey (visited)
  IceCv (visited)         Desolation (visited)      Gauntlet (visited)

Altars:
Ashenzari
Cheibriados
Dithmenos
Elyvilon
Fedhas
Gozag
Hepliaklqana
Kikubaaqudgha
Makhleb
Nemelex Xobeh
Okawaru
Qazlal
Ru
Sif Muna
Trog
Uskayaw
Vehumet
Wu Jian
Xom
Yredelemnul
Zin
The Shining One
Beogh

Shops:
D:4 *   D:13 !   Orc:1 (   Orc:2 =!=[   Elf:2 :   Vaults:2 [   Depths:1 ::=*
Depths:4 *?

Portals:
Hell: Depths:1 Depths:2 Depths:3 Depths:4
Abyss: Depths:1 Depths:3 Depths:4
Pandemonium: Depths:1 Depths:2
Ziggurat: Depths:1

Annotations:
Elf:2 3 runed translucent doors
Vaults:3 exclusion: downstairs
Vaults:4 exclusion: 4 downstairs
Crypt:1 3 runed translucent doors, exclusion: 3 doors, Naexzyxton's ghost, veteran MfWn
Depths:2 2 transporters, Bexyidur's ghost, adept OgFi


Innate Abilities, Weirdness & Mutations

You are an undead lich.
Your unarmed attacks are suffused with negative energy.
You are immune to unholy pain and torment.
Your necromantic spells are more powerful.
You cannot drink.
You are immune to poison.
You have very sharp teeth.
Your uncanny sense of smell can sniff out nearby items.
Your experience applies equally to all skills.
You have a somewhat thin skeletal structure. (Dex +2, Stealth+)
Your body sometimes deteriorates upon taking damage.
Your natural rate of healing is unusually fast.
Your spells are a little easier to cast, but a little less powerful.
You passively dampen the noise of your surroundings.


Message History

The orb of fire drops a net on you.
You become entangled in the net!
The death cob is engulfed in freezing vapours.
The ancient lich is engulfed in freezing vapours.
The Orb Guardian is engulfed in freezing vapours. x2
Unknown command.
Unknown command.
Aim the phial where?
Press: ? - help, Shift-Dir - straight line, f - Orb Guardian, p - orb of fire
Aim: an Orb Guardian (freezing vapour, lightly wounded)
The torrent of water hits the ancient lich!
The ancient lich is lightly damaged.
The ancient lich is knocked back by the torrent of water.
The wave splashes down.
Splash!
You fall into the shallow water.
Moving in this stuff is going to be slow.
The Orb Guardian is engulfed in water.
The orb of fire is engulfed in freezing vapours.
The dread lich disappears!
The Orb Guardian is engulfed in freezing vapours. x2
The ancient lich is engulfed in freezing vapours.
The Orb Guardian disappears!
Your orb of fire is engulfed in freezing vapours.
Your orb of fire glows deep purple.
The fireball explodes!
The fireball engulfs the orb of fire.
The orb of fire completely resists.
The fireball engulfs the ancient lich!!
The ancient lich resists.
You hear a sizzling sound! x3
You open the lid... ...and an elder fireox beast leaps out!
The box is emptied!
The ancient lich is engulfed in freezing vapours.
The ancient lich points at you and mumbles some strange words.
The crystal spear hits you!!!
* * * LOW HITPOINT WARNING * * *
Your body deteriorates!
You feel dopey. The death cob hits you.
* * * LOW HITPOINT WARNING * * *
The Orb Guardian is engulfed in freezing vapours. x2
The ancient lich is engulfed in freezing vapours.
The death cob hits you!!
You die...

X......▓▓...............^.......▓
......^.▓.......§§X§....,,,,,,,**
..0^.....§§§§..§§§§.....,,,,,,**
........▓.§§§..§§§§.§§..,,,,,,,**
X.....^▓▓.§§§.≈§§L§§§§..,,,,,,,,*
......▓▓▓^....≈§X≈*^§§..,,,,,,,,,
▓▓▓▓▓▓▓ ▓.....≈§XL....^.,,,,,,,,,
▓▓....≈zL*......,,,,,^,,*
▓▓▓..≈≈L.......,,,,,,,**
▓▓▓▓H........,,,,****
▓▓▓▓▓▓▓▓▓▓▓▓***** ▓▓▓▓▓▓▓


You could see an orb of fire (ally target), 3 ancient liches, a death cob, 3 Orb
Guardians, a friendly orb of fire (summoned, drained) and a friendly elder
fireox beast (summoned, wandering).

Vanquished Creatures
  3 dread liches
  Mara (Depths:1)
  An orb of fire (Zot:3)
  3 juggernauts (Depths:3)
  2 Killer Klowns (Zot:3)
  Margery (Crypt:2)
  2 curse toes (Zot:3)
  A caustic shrike (Depths:2)
  Saint Roka (Depths:1)
  8 golden dragons
  the Enchantress (Depths:4)
  A bone dragon (Elf:3)
  Arachne (Spider:2)
  Jorgrun (D:12)
  16 tentacled monstrosities
  Asterion (Spider:4)
  A shard shrike skeleton (Crypt:3)
  9 liches
  3 quicksilver dragons
  A walking frostbound tome (Depths:3)
  5 Orb Guardians (Zot:5)
  A deep elf blademaster (Elf:3)
  A deep elf master archer (Elf:3)
  9 death cobs
  4 sphinxes
  A kraken (Shoals:1)
  Polyphemus (Shoals:2)
  Frances (Elf:1)
  Kirke (Elf:1)
  5 ancient champions
  Agnes (Spider:2)
  Gastronok (D:10)
  Donald (Spider:1)
  6 revenants
  12 storm dragons
  8 tengu reavers
  5 draconian monks
  4 shadow dragons
  9 draconian knights
  An orc warlord (Vaults:3)
  6 fire giants
  3 iron dragons
  16 frost giants
  An imperial myrmidon (Desolation)
  10 emperor scorpions
  4 draconian scorchers
  7 ghost moths
  2 deep elf sorcerers
  8 vault wardens
  8 draconian shifters
  3 deep elf elementalists (Elf:3)
  2 draconian stormcallers
  A caustic shrike zombie (Crypt:1)
  A curse skull (Crypt:1)
  8 draconian annihilators
  2 ghouls
  A quicksilver ooze (shapeshifter) (Depths:3)
  2 reapers (Crypt:3)
  3 spriggan defenders
  4 broodmothers
  2 caustic shrike skeletons (Crypt:3)
  14 stone giants
  21 very ugly things
  2 juggernaut skeletons (Crypt:3)
  3 ironbound thunderhulks
  13 ironbound preservers
  10 vampire knights
  7 black draconians
  6 entropy weavers
  4 deep elf demonologists
  8 yellow draconians
  8 green draconians
  17 purple draconians
  Azrael (Spider:2)
  12 white draconians
  5 dire elephants
  8 deep elf annihilators
  A minotaur (Gauntlet)
  4 eidola
  13 red draconians
  9 spark wasps
  7 ettins
  A blizzard demon (Abyss:3)
  A crystal guardian (Desolation)
  12 deep elf death magi
  11 merfolk impalers
  7 merfolk javelineers
  8 fire dragons
  A quicksilver dragon zombie (Crypt:1)
  Josephine (Lair:5)
  13 jiangshi
  3 ragged hierophants (Desolation)
  7 yaktaur captains
  6 deep elf high priests
  19 ice dragons
  7 great orbs of eyes
  2 rakshasas (Depths:2)
  3 vault guards
  6 hydras
  6 ogre magi
  12 peacekeepers
  A quicksilver dragon skeleton (Crypt:3)
  6 servants of whispers (Desolation)
  6 spriggan air magi
  4 spriggan skeletons (Crypt:3)
  4 merfolk avatars
  7 boulder beetles
  7 centaur warriors
  3 jorogumos
  4 radroaches
  Harold (Lair:1)
  A fenstrider witch skeleton (Crypt:3)
  A catoblepas (Shoals:2)
  2 merfolk aquamancers
  24 two-headed ogres
  A death knight (D:14)
  13 ironbound frosthearts
  12 satyrs
  5 death yaks
  11 dancing weapons
  2 deep troll shamans
  3 deep troll earth magi
  8 deep elf knights
  3 tengu warriors
  An orc high priest (Orc:2)
  6 vampire magi
  A storm dragon zombie (Vaults:3)
  5 spriggan berserkers
  3 thrashing horrors (Abyss:3)
  A titan skeleton (Crypt:3)
  A titan zombie (Abyss:3)
  7 hell knights
  Sonja (D:11)
  4 soul eaters
  5 iron trolls (Depths:4)
  4 shadow wraiths
  A wretched star (Gauntlet)
  8 pharaoh ants
  6 sea snakes
  A spatial maelstrom (Abyss:3)
  A steelbarb worm (shapeshifter) (Depths:2)
  62 skeletal warriors
  39 deep trolls
  6 steelbarb worms
  14 orb spiders
  4 glowing orange brains
  A shadow demon (Depths:1)
  10 deep elf archers
  8 flayed ghosts
  2 nameless horrors
  19 harpies
  15 ironbound convokers
  The ghost of a3don the Chopper, a novice MiBe of Trog (D:6)
  A bog body (Crypt:1)
  2 anaconda skeletons (Crypt:3)
  A broodmother zombie (Crypt:3)
  5 necromancers
  9 phantasmal warriors
  3 orc knights (Vaults:3)
  A mana viper (shapeshifter) (D:15)
  3 lindwurms
  7 wizards
  21 deep elf pyromancers
  The ghost of Corwin the Chopper, a novice HuBe of Trog (D:6)
  18 deep elf zephyrmancers
  19 wolf spiders
  A sphinx skeleton (Crypt:2)
  37 ugly things
  An oklob plant (Shoals:1)
  A manticore (shapeshifter) (D:15)
  11 fauns
  2 orc sorcerers
  25 moths of wrath
  A worldbinder (Abyss:3)
  5 cyclopes
  A frost giant skeleton (Vaults:3)
  25 manticores
  A water nymph (Shoals:2)
  9 merfolk sirens
  Maurice (D:13)
  7 black mambas
  The ghost of doggme the Slasher, a novice MiFi of Qazlal (D:6)
  A water nymph (shapeshifter) (Depths:3)
  12 vault sentinels
  Joseph (D:10)
  2 stone giant skeletons (Crypt:3)
  4 guardian serpents (Desolation)
  3 smoke demons
  A gargoyle (D:12)
  16 torpor snails
  A torpor snail (shapeshifter) (Depths:4)
  15 cane toads
  An orange demon (Abyss:3)
  11 demonic crawlers
  3 efreet
  37 yaktaurs
  A yaktaur zombie (Vaults:3)
  An unseen horror (Abyss:3)
  5 komodo dragons
  A kobold demonologist (D:7)
  A redback zombie (Crypt:3)
  8 rime drakes
  7 freezing wraiths
  A komodo dragon (shapeshifter) (D:14)
  An alligator snapping turtle skeleton (Crypt:3)
  2 minotaur zombies
  2 death yak skeletons
  3 ice devils
  A tengu conjurer (D:15)
  3 ancient zymes (Abyss:3)
  A red devil (Depths:1)
  A white draconian skeleton (Crypt:3)
  27 merfolk
  7 trolls
  A queen bee (shapeshifter) (Elf:2)
  12 meliai
  19 polar bears
  An iron troll skeleton (Crypt:3)
  2 wind drakes
  8 tyrant leeches
  An alligator zombie (Crypt:2)
  10 hornets
  A hornet (shapeshifter) (Elf:2)
  49 saltlings (Desolation)
  9 snapping turtles
  11 blink frogs
  21 tarantellas
  A harpy skeleton (Crypt:3)
  A radroach zombie (Crypt:2)
  4 raiju
  37 slime creatures
  11 flying skulls (Crypt:3)
  30 jumping spiders
  6 shadows
  2 large abominations (Abyss:3)
  2 ettin skeletons (Crypt:3)
  5 air elementals (Elf:1)
  27 culicivoras
  4 wyverns
  7 wraiths
  24 water elementals
  A centaur simulacrum (D:15)
  2 ynoxinuls (Abyss:3)
  9 spriggans
  3 vampires
  8 fire elementals
  A golden eye (Abyss:3)
  3 hogs (Elf:1)
  29 yaks
  65 redbacks
  2 basilisks (Lair:4)
  Grum (D:10)
  3 neqoxecs
  7 vampire mosquitoes
  A chaos spawn (Abyss:3)
  11 wargs
  A deep troll zombie (Crypt:1)
  10 water moccasins
  2 acid dragons
  15 hell hounds
  3 floating eyes (Depths:3)
  An ice beast (D:5)
  3 sky beasts
  A swamp dragon zombie (Crypt:2)
  15 orc warriors
  A black bear (shapeshifter) (Abyss:3)
  14 black bears
  2 necrophages (Crypt:1)
  2 blink frog zombies
  33 ogres
  6 starcursed masses (Abyss:3)
  A boggart (D:14)
  30 wolves
  12 centaurs
  7 kobold brigands
  2 phantoms
  2 elf zombies (Elf:1)
  2 scorpions (Lair:3)
  3 small abominations (Abyss:3)
  6 bullfrogs
  2 human simulacra (Vaults:3)
  5 killer bees (D:11)
  9 howler monkeys
  2 electric eels
  5 centaur zombies
  2 bullfrog skeletons
  4 jellies
  10 orc priests
  5 centaur skeletons
  A gnoll shaman (D:9)
  8 hounds
  An iguana (D:5)
  21 orc wizards
  A lightning spire (Abyss:3)
  A killer bee zombie (D:6)
  2 acid dragon skeletons
  8 mummies (Ossuary)
  A howler monkey zombie (D:9)
  16 gnolls
  A howler monkey skeleton (Crypt:1)
  A swamp drake zombie (Crypt:1)
  2 adders (D:5)
  2 shadow imps
  4 white imps
  A halfling skeleton (Crypt:3)
  3 worms
  A barachi zombie (Crypt:3)
  A dart slug (D:3)
  34 orcs
  3 ball pythons
  7 endoplasms
  3 giant cockroaches
  8 goblins
  4 hobgoblins
  A jackal (D:4)
  32 kobolds
  5 quokkas
  A dart slug zombie (Crypt:2)
  4 frilled lizards
  A giant cockroach zombie (Crypt:2)
  A gnoll zombie (Ossuary)
  3 hobgoblin zombies (Ossuary)
  2 kobold zombies (Ossuary)
  2 orc zombies (Ossuary)
  A quokka skeleton (D:4)
  A rat (D:3)
  A snaplasher vine (D:6)
2155 creatures vanquished.

Vanquished Creatures (collateral kills)
  2 orbs of fire
  Sojobo (Vaults:3)
  3 golden dragons
  2 bone dragons (Crypt:3)
  2 tentacled monstrosities
  3 Orb Guardians (Zot:5)
  A quicksilver dragon (Zot:1)
  A sphinx (Shoals:4)
  A kraken (Shoals:4)
  2 deep elf blademasters (Elf:3)
  A shadow dragon (Zot:3)
  2 tengu reavers
  2 storm dragons
  A death cob (Zot:2)
  A draconian monk (Zot:3)
  3 vault wardens
  3 deep elf sorcerers (Elf:3)
  A ghost moth (Spider:3)
  A draconian stormcaller (Zot:4)
  A deep elf elementalist (Elf:3)
  A spriggan defender (Depths:4)
  The ghost of Sudoyheu the Nimble, a journeyman DjWn of Fedhas (Lair:5)
  3 very ugly things
  5 ironbound preservers
  An ironbound thunderhulk (Vaults:3)
  A vampire knight (Depths:2)
  An entropy weaver (Vaults:2)
  2 dire elephants
  A deep elf annihilator (Elf:3)
  4 yellow draconians
  2 purple draconians
  2 white draconians (Zot:4)
  A blizzard demon (Abyss:3)
  7 merfolk impalers
  A crystal guardian (Desolation)
  2 deep elf death magi
  A ragged hierophant (Desolation)
  A yaktaur captain (Vaults:1)
  A rakshasa (Depths:1)
  A servant of whispers (Desolation)
  4 vault guards
  2 peacekeepers (Desolation)
  2 ironbound frosthearts
  2 spriggan air magi (Depths:3)
  A merfolk avatar (Shoals:2)
  An ice dragon (Zot:4)
  A jorogumo (shapeshifter) (Vaults:1)
  3 dancing weapons (Elf:2)
  2 two-headed ogres (Orc:2)
  A death yak (Shoals:2)
  Erica (D:11)
  A spriggan berserker (Depths:3)
  2 hell knights (Depths:2)
  3 deep elf knights
  3 skeletal warriors
  2 sea snakes
  12 deep trolls
  A deep elf archer (Elf:1)
  An orc knight (Vaults:3)
  The ghost of ragingrage the Cleaver, a novice GrAr of Okawaru (D:6)
  A lindwurm (Zot:4)
  4 harpies
  A deep elf pyromancer (Elf:3)
  2 ironbound convokers (Vaults:2)
  5 deep elf zephyrmancers
  5 fauns
  3 necromancers (Elf:1)
  2 ugly things
  4 manticores
  A moth of wrath (Zot:4)
  4 vault sentinels
  3 merfolk sirens
  A molten gargoyle (Desolation)
  A water nymph (Shoals:3)
  5 large abominations
  A rime drake (IceCv)
  A smoke demon (Abyss:3)
  11 yaktaurs
  9 merfolk
  6 slime creatures
  A wind drake (Shoals:4)
  8 saltlings (Desolation)
  A jumping spider (Vaults:1)
  A flying skull (Crypt:3)
  2 snapping turtles
  A spriggan (Depths:4)
  3 water elementals
  A yak (Lair:3)
  A fire elemental (Spider:2)
  2 golden eyes (Abyss:3)
  2 redbacks (Vaults:1)
  A naga zombie (Abyss:3)
  A water moccasin (D:5)
  A nameless horror (Elf:2)
  A hell hound (Spider:2)
  2 orc warriors
  A black bear (D:6)
  A necrophage (D:7)
  3 wolves (Lair:3)
  5 ogres
  An elf zombie (Elf:1)
  A gnoll sergeant (D:5)
  An earth elemental (Elf:1)
  A centaur zombie (D:6)
  2 orc priests (Orc:2)
  An iguana (D:6)
  A gnoll (D:2)
  A halfling skeleton (Crypt:1)
  7 orcs
  An endoplasm (Lair:5)
  A giant cockroach (Lair:3)
  A ball python (D:3)
247 creatures vanquished.

Vanquished Creatures (others)
  A draconian knight (Zot:1)
  2 draconian scorchers
  A jorogumo (Spider:1)
  A death knight (D:15)
  An orc knight (D:15)
  An ugly thing (D:15)
  A cyclops (D:15)
  A meliai (D:15)
  A jumping spider (Spider:4)
  A kobold brigand (D:14)
  A killer bee (D:11)
  An electric eel (D:8)
  31 fungi
  A lurking horror (Abyss:3)
  87 plants
  8 snaplasher vines
  8 tentacles
  A withered plant (Desolation)
149 creatures vanquished.

Grand Total: 2551 creatures vanquished

Notes
Turn   | Place    | Note
-------+----------+-------------------------------------------
     0 | D:1      | fragbeetle the Gnoll Hedge Wizard began the quest for the
                  | Orb.
     0 | D:1      | Reached XP level 1. HP: 13/13 MP: 8/8
   222 | D:1      | Reached XP level 2. HP: 19/19 MP: 5/10
   228 | D:1      | Learned a level 2 spell: Call Imp
   379 | D:1      | Found a faded altar of an unknown god.
   398 | D:1      | Identified the +4 hand crossbow "Wotoisus" {speed, rPois
                  | Int-5 Dex+3}
   985 | D:2      | Reached XP level 3. HP: 25/25 MP: 11/11
   987 | D:2      | Reached skill level 1 in Invocations
  1000 | D:2      | Reached skill level 1 in Fighting
  1000 | D:2      | Reached skill level 1 in Short Blades
  1000 | D:2      | Reached skill level 1 in Long Blades
  1000 | D:2      | Reached skill level 1 in Axes
  1000 | D:2      | Reached skill level 1 in Maces & Flails
  1000 | D:2      | Reached skill level 1 in Polearms
  1000 | D:2      | Reached skill level 1 in Staves
  1000 | D:2      | Reached skill level 1 in Slings
  1000 | D:2      | Reached skill level 1 in Bows
  1000 | D:2      | Reached skill level 1 in Crossbows
  1000 | D:2      | Reached skill level 1 in Throwing
  1000 | D:2      | Reached skill level 1 in Armour
  1000 | D:2      | Reached skill level 1 in Shields
  1000 | D:2      | Reached skill level 1 in Unarmed Combat
  1000 | D:2      | Reached skill level 1 in Evocations
  1184 | D:2      | Reached XP level 4. HP: 32/32 MP: 13/13
  1196 | D:2      | Reached skill level 1 in Hexes
  1196 | D:2      | Reached skill level 1 in Necromancy
  1196 | D:2      | Reached skill level 1 in Transmutations
  1196 | D:2      | Reached skill level 1 in Fire Magic
  1196 | D:2      | Reached skill level 1 in Ice Magic
  1196 | D:2      | Reached skill level 1 in Air Magic
  1196 | D:2      | Reached skill level 1 in Earth Magic
  1196 | D:2      | Reached skill level 1 in Poison Magic
  2159 | D:3      | Noticed an ogre
  2166 | D:3      | Killed an ogre
  2167 | D:3      | Reached XP level 5. HP: 37/37 MP: 10/14
  2605 | D:3      | Identified the +5 spear of Iddy {protect, rCorr}
  2942 | D:4      | Learned a level 3 spell: Mephitic Cloud
  2946 | D:4      | Learned a level 3 spell: Ignite Poison
  3161 | D:4      | Reached XP level 6. HP: 44/44 MP: 16/16
  3188 | D:4      | Noticed a black bear
  3196 | D:4      | Killed a black bear
  3197 | D:4      | Reached skill level 2 in Bows
  3197 | D:4      | Reached skill level 5 in Dodging
  3266 | D:4      | Found Kyotaekhlik's General Store.
  3275 | D:4      | Bought a scroll of summoning for 104 gold pieces
  3429 | D:4      | Identified the ring of Doors {rF+ AC+4 Str+5 SInv}
  3802 | D:4      | Learned a level 2 spell: Blink
  3814 | D:5      | Entered Level 5 of the Dungeon
  3924 | D:5      | Reached XP level 7. HP: 48/50 MP: 9/18
  4167 | D:5      | Found a staircase to the Ecumenical Temple.
  4285 | D:5      | Reached skill level 5 in Stealth
  4349 | Temple   | Entered the Ecumenical Temple
  4594 | Temple   | Became a worshipper of Ashenzari the Shackled
  4649 | D:5      | Gained mutation: You sometimes lose the ability to read
                  | scrolls when taking damage. [potion of mutation]
  4649 | D:5      | Gained mutation: You have hidden genetic potential. [potion
                  | of mutation]
  4649 | D:5      | Gained mutation: You are dopey. (Int -2) [potion of
                  | mutation]
  4649 | D:5      | Lost mutation: You are dopey. (Int -2) [potion of mutation]
  4649 | D:5      | HP: 2/51 [poisoned by a water moccasin]
  5178 | D:5      | Learned a level 4 spell: Sticky Flame
  5367 | D:6      | Reached XP level 8. HP: 56/57 MP: 15/19
  5427 | D:6      | Found a runed translucent gate.
  5428 | D:6      | Found a runed translucent gate.
  5428 | D:6      | Found a runed translucent gate.
  5431 | D:6      | Noticed a3don's ghost (novice MiBe)
  5431 | D:6      | Noticed doggme's ghost (novice MiFi)
  5434 | D:6      | Noticed Corwin's ghost (novice HuBe)
  5434 | D:6      | Noticed ragingrage's ghost (novice GrAr)
  5443 | D:6      | Reached skill level 3 in Bows
  5632 | D:6      | Gained mutation: You have a pair of small horns on your
                  | head. [hidden potential]
  6452 | D:7      | Found a radiant altar of Vehumet.
  6465 | D:7      | Reached XP level 9. HP: 65/65 MP: 16/21
  6499 | D:7      | Noticed a kobold demonologist
  6906 | D:7      | Reached skill level 4 in Bows
  6932 | D:7      | Gained mutation: Your flesh is heat resistant. (rF+)
                  | [hidden potential]
  6932 | D:7      | Lost mutation: You have hidden genetic potential. [hidden
                  | potential expressed]
  7470 | D:8      | Found a sand-covered staircase.
  7561 | Ossuary  | Entered an ossuary
  7910 | D:8      | Found a flagged portal.
  7923 | Bailey   | Entered a bailey
  7960 | Bailey   | Reached skill level 5 in Invocations
  7982 | Bailey   | Reached XP level 10. HP: 66/73 MP: 8/22
  8172 | Bailey   | Reached skill level 5 in Fighting
  8172 | Bailey   | Reached skill level 5 in Short Blades
  8172 | Bailey   | Reached skill level 5 in Long Blades
  8172 | Bailey   | Reached skill level 5 in Axes
  8172 | Bailey   | Reached skill level 5 in Maces & Flails
  8172 | Bailey   | Reached skill level 5 in Polearms
  8172 | Bailey   | Reached skill level 5 in Staves
  8172 | Bailey   | Reached skill level 5 in Slings
  8172 | Bailey   | Reached skill level 5 in Bows
  8172 | Bailey   | Reached skill level 5 in Crossbows
  8172 | Bailey   | Reached skill level 5 in Throwing
  8172 | Bailey   | Reached skill level 5 in Armour
  8172 | Bailey   | Reached skill level 5 in Shields
  8172 | Bailey   | Reached skill level 5 in Unarmed Combat
  8172 | Bailey   | Reached skill level 5 in Evocations
  8490 | Bailey   | Lost mutation: Your flesh is heat resistant. (rF+) [potion
                  | of mutation]
  8490 | Bailey   | Lost mutation: You have a pair of small horns on your head.
                  | [potion of mutation]
  8490 | Bailey   | Gained mutation: You are covered in fur. (AC +1) [potion of
                  | mutation]
  8490 | Bailey   | Gained mutation: You passively dampen the noise of your
                  | surroundings. [potion of mutation]
  8525 | Bailey   | Noticed a two-headed ogre
  8535 | Bailey   | Killed a two-headed ogre
  8984 | D:8      | Reached skill level 5 in Conjurations
  8984 | D:8      | Reached skill level 5 in Summonings
  8984 | D:8      | Reached skill level 5 in Translocations
  9420 | D:8      | Found a staircase to the Lair.
 10638 | D:9      | Identified the +2 trident "Vyrep" {antimagic, Fly rCorr}
 10827 | D:9      | Noticed a two-headed ogre
 10832 | D:9      | Noticed a centaur warrior
 10921 | Lair:1   | Entered Level 1 of the Lair of Beasts
 11184 | Lair:1   | Noticed a cane toad
 11205 | Lair:1   | Killed a cane toad
 11206 | Lair:1   | Reached XP level 11. HP: 39/81 MP: 14/24
 11462 | Lair:1   | Reached skill level 6 in Bows
 11462 | Lair:1   | Reached skill level 5 in Hexes
 11462 | Lair:1   | Reached skill level 5 in Necromancy
 11462 | Lair:1   | Reached skill level 5 in Transmutations
 11462 | Lair:1   | Reached skill level 5 in Fire Magic
 11462 | Lair:1   | Reached skill level 5 in Ice Magic
 11462 | Lair:1   | Reached skill level 5 in Air Magic
 11462 | Lair:1   | Reached skill level 5 in Earth Magic
 11462 | Lair:1   | Reached skill level 5 in Poison Magic
 11468 | Lair:1   | Learned a level 5 spell: Summon Forest
 11623 | Lair:1   | Noticed Harold
 11896 | Lair:1   | Lost mutation: You sometimes lose the ability to read
                  | scrolls when taking damage. [potion of mutation]
 11896 | Lair:1   | Lost mutation: You are covered in fur. (AC +1) [potion of
                  | mutation]
 11896 | Lair:1   | Gained mutation: Your system is resistant to poisons.
                  | (rPois) [potion of mutation]
 13596 | Lair:3   | Found a broken altar of Ashenzari.
 13756 | Lair:3   | Reached skill level 10 in Spellcasting
 13756 | Lair:3   | Reached XP level 12. HP: 79/89 MP: 17/26
 14091 | Lair:3   | Reached skill level 7 in Bows
 14254 | Lair:3   | Reached * piety under Ashenzari
 14400 | Lair:3   | Found a hole to the Spider Nest.
 14402 | Lair:3   | Noticed a boulder beetle
 14960 | Lair:4   | Reached ** piety under Ashenzari
 15022 | Lair:4   | Found a staircase to the Shoals.
 15268 | Lair:4   | Noticed a death yak
 15439 | D:8      | Killed a two-headed ogre
 15673 | D:9      | Killed a centaur warrior
 16051 | D:10     | Entered Level 10 of the Dungeon
 16120 | D:10     | Noticed a two-headed ogre
 16132 | D:10     | Killed a two-headed ogre
 16465 | D:10     | Noticed Joseph
 16479 | D:10     | Killed Joseph
 16617 | D:10     | Noticed Grum
 16670 | D:10     | Killed Grum
 17072 | D:11     | Noticed Gastronok
 17072 | D:11     | Noticed a two-headed ogre
 17156 | D:11     | Found a hide-covered altar of Uskayaw.
 17235 | D:11     | Killed a two-headed ogre
 17293 | D:11     | Noticed Erica
 17315 | D:11     | Killed Erica
 17466 | D:11     | Noticed Sonja
 17469 | D:11     | Noticed a two-headed ogre
 17722 | D:10     | Killed Gastronok
 17723 | D:10     | Reached XP level 13. HP: 67/98 MP: 14/27
 18575 | Lair:4   | Reached skill level 8 in Bows
 18627 | Lair:4   | Learned a level 5 spell: Metabolic Englaciation
 19614 | Lair:5   | Found a large runed translucent door.
 19615 | Lair:5   | Found a large runed translucent door.
 19617 | Lair:5   | Noticed Sudoyheu's ghost (journeyman DjWn)
 19802 | Lair:5   | Noticed Josephine
 20400 | Lair:5   | Reached *** piety under Ashenzari
 20469 | Lair:5   | Killed Josephine
 20580 | Lair:5   | Found a staircase to the Slime Pits.
 20804 | Lair:6   | Entered Level 6 of the Lair of Beasts
 22053 | Lair:6   | Found a runed translucent door.
 22054 | Lair:6   | Noticed an ice dragon
 22286 | Lair:6   | Paralysed by a hornet for 1 turns
 22888 | Lair:6   | Reached skill level 10 in Dodging
 23041 | Lair:6   | Reached XP level 14. HP: 106/106 MP: 29/29
 23553 | Lair:6   | Reached skill level 9 in Bows
 23615 | Lair:6   | Reached skill level 10 in Stealth
 24280 | Lair:6   | Reached skill level 10 in Invocations
 24622 | D:6      | Killed Corwin's ghost
 24623 | D:6      | Killed a3don's ghost
 24625 | D:6      | Killed ragingrage's ghost
 24638 | D:6      | Killed doggme's ghost
 25622 | Lair:1   | Killed Harold
 25944 | D:11     | Killed Sonja
 26269 | D:12     | Found a gate leading to a gauntlet.
 26275 | D:12     | Found a staircase to the Orcish Mines.
 26281 | Gauntlet | Entered a Gauntlet
 26281 | Gauntlet | Found a transporter.
 26302 | Gauntlet | Found a transporter.
 26307 | Gauntlet | Found a transporter.
 26312 | Gauntlet | Found a transporter.
 26331 | Gauntlet | Found a transporter.
 26338 | Gauntlet | Identified the ring "Jukokk Bezo" {rF+ rC- Will+ Int+6
                  | Dex+5}
 26346 | Gauntlet | Found a transporter.
 26350 | Gauntlet | Identified the amulet of Hixkub {Faith rPois rN++ Str+4}
 26358 | Gauntlet | Found a transporter.
 26366 | Gauntlet | Found a large runed translucent door.
 26367 | Gauntlet | Found a large runed translucent door.
 26367 | Gauntlet | Noticed an entropy weaver
 26368 | Gauntlet | Found a large runed translucent door.
 26368 | Gauntlet | Found a large runed translucent door.
 26369 | Gauntlet | Found a runed translucent gate.
 26370 | Gauntlet | Found a transporter.
 26370 | Gauntlet | Found a runed translucent gate.
 26371 | Gauntlet | Found a runed translucent gate.
 26372 | Gauntlet | Found a large runed translucent door.
 26372 | Gauntlet | Found a large runed translucent door.
 26373 | Gauntlet | Found a large runed translucent door.
 26374 | Gauntlet | Found a large runed translucent door.
 26382 | Gauntlet | Found a transporter.
 26394 | Gauntlet | Found a transporter.
 26395 | Gauntlet | Identified the +2 pair of boots "Enylelan" {rF+ Dex+4}
 26411 | Gauntlet | Found a transporter.
 26429 | Gauntlet | Found a transporter.
 26431 | Gauntlet | Found a transporter.
 26456 | Gauntlet | Found a transporter.
 26458 | Gauntlet | Found a transporter.
 26478 | Gauntlet | Found a transporter.
 26558 | Gauntlet | Found a transporter.
 26576 | Gauntlet | Found a large runed translucent door.
 26576 | Gauntlet | Found a large runed translucent door.
 26576 | Gauntlet | Found a runed translucent door.
 26576 | Gauntlet | Found a runed translucent door.
 26577 | Gauntlet | Found a large runed translucent door.
 26578 | Gauntlet | Found a large runed translucent door.
 26580 | Gauntlet | Found a transporter.
 26596 | Gauntlet | Found a large runed translucent door.
 26596 | Gauntlet | Found a large runed translucent door.
 26597 | Gauntlet | Found a large runed translucent door.
 26598 | Gauntlet | Found a large runed translucent door.
 26864 | Gauntlet | Learned a level 6 spell: Statue Form
 26899 | Gauntlet | Identified the cursed +0 pair of gloves of Ashenzari's
                  | Planets {Elem, Range} (You found it on level 6 of the
                  | Dungeon)
 26899 | Gauntlet | Identified the cursed +0 troll leather armour of the
                  | Esoteric Loss {Regen+, Alch, Fort} (You found it on level 9
                  | of the Dungeon)
 27011 | Gauntlet | Gained mutation: You tend to lose your temper in combat. [a
                  | neqoxec]
 27164 | Gauntlet | Lost mutation: Your system is resistant to poisons. (rPois)
                  | [potion of mutation]
 27164 | Gauntlet | Lost mutation: You passively dampen the noise of your
                  | surroundings. [potion of mutation]
 27164 | Gauntlet | Gained mutation: Your body sometimes deteriorates upon
                  | taking damage. [potion of mutation]
 27164 | Gauntlet | Gained mutation: You have a somewhat thin skeletal
                  | structure. (Dex +2, Stealth+) [potion of mutation]
 27175 | Gauntlet | Identified the +4 battleaxe of Diet Blood {flame, rElec}
 27187 | Gauntlet | Identified the +3 hunting sling of Distant Shores {freeze,
                  | +Blink Will+ rCorr Str+3}
 27953 | Orc:1    | Entered Level 1 of the Orcish Mines
 27978 | Orc:1    | Noticed Jorgrun
 28182 | D:9      | Lost mutation: Your body sometimes deteriorates upon taking
                  | damage. [potion of mutation]
 28182 | D:9      | Lost mutation: You tend to lose your temper in combat.
                  | [potion of mutation]
 28182 | D:9      | Gained mutation: Your natural rate of healing is unusually
                  | fast. [potion of mutation]
 28182 | D:9      | Gained mutation: Your spells are a little easier to cast,
                  | but a little less powerful. [potion of mutation]
 28182 | D:9      | Gained mutation: You have hidden genetic potential. [potion
                  | of mutation]
 28405 | D:12     | Killed Jorgrun
 28544 | Orc:1    | Found Qithry's Antique Weapon Shop.
 29122 | Orc:2    | Entered Level 2 of the Orcish Mines
 29122 | Orc:2    | Found a staircase to the Elven Halls.
 29153 | Orc:2    | Reached XP level 15. HP: 118/119 MP: 10/32
 29752 | Orc:2    | Reached skill level 10 in Fighting
 29752 | Orc:2    | Reached skill level 10 in Short Blades
 29752 | Orc:2    | Reached skill level 10 in Long Blades
 29752 | Orc:2    | Reached skill level 10 in Axes
 29752 | Orc:2    | Reached skill level 10 in Maces & Flails
 29752 | Orc:2    | Reached skill level 10 in Polearms
 29752 | Orc:2    | Reached skill level 10 in Staves
 29752 | Orc:2    | Reached skill level 10 in Slings
 29752 | Orc:2    | Reached skill level 10 in Bows
 29752 | Orc:2    | Reached skill level 10 in Crossbows
 29752 | Orc:2    | Reached skill level 10 in Throwing
 29752 | Orc:2    | Reached skill level 10 in Armour
 29752 | Orc:2    | Reached skill level 10 in Shields
 29752 | Orc:2    | Reached skill level 10 in Unarmed Combat
 29752 | Orc:2    | Reached skill level 10 in Evocations
 30036 | Orc:2    | Found Fapusott's Jewellery Emporium.
 30036 | Orc:2    | Found Zejoudu's Antique Armour Shop.
 30037 | Orc:2    | Found Wapp's Jewellery Boutique.
 30037 | Orc:2    | Found Hyseass's Distillery.
 30118 | Orc:2    | Bought 2 potions of resistance for 280 gold pieces
 30118 | Orc:2    | Bought a potion of curing for 42 gold pieces
 30118 | Orc:2    | Bought a potion of curing for 42 gold pieces
 30118 | Orc:2    | Bought a potion of haste for 140 gold pieces
 30552 | Orc:2    | Upgraded the game from 0.29-a0-2-g12fcac58f8 to
                  | 0.29-a0-8-g0446c0dae4
 30626 | D:13     | Found Gutaps's Distillery.
 30641 | D:13     | Found a broken altar of Ashenzari.
 30893 | Orc:2    | Bought an amulet of reflection for 360 gold pieces
 31173 | D:13     | Noticed Maurice
 31182 | D:13     | Killed Maurice
 31440 | D:13     | Gained mutation: You passively dampen the noise of your
                  | surroundings. [hidden potential]
 31633 | D:13     | Bought a potion of curing for 42 gold pieces
 31633 | D:13     | Bought a potion of haste for 140 gold pieces
 32352 | D:14     | Found the +8 Vampire's Tooth {vamp}
 32500 | D:14     | Found an iron altar of Okawaru.
 33316 | D:14     | Reached XP level 16. HP: 127/127 MP: 14/34
 33350 | D:14     | Identified the cursed +2 pair of gloves "Ensconced
                  | Discomfort" {Str+3, Range, Alch} (You found it in a
                  | Gauntlet)
 33350 | D:14     | Identified the cursed +2 robe of the Astrological Moon
                  | {Archmagi, Bglg, Fort} (You took it off an orc sorcerer on
                  | level 2 of the Orcish Mines)
 33841 | D:14     | Learned a level 4 spell: Flame Wave
 34250 | D:14     | Found a gate to the Vaults.
 34704 | D:14     | Reached **** piety under Ashenzari
 34730 | D:15     | Entered Level 15 of the Dungeon
 34915 | D:15     | Found a stormy altar of Qazlal.
 35423 | D:15     | Found a staircase to the Depths.
 35532 | D:15     | Reached skill level 11 in Bows
 35554 | D:15     | Gained mutation: Your muscles are strong. (Str +2) [hidden
                  | potential]
 35554 | D:15     | Lost mutation: You have hidden genetic potential. [hidden
                  | potential expressed]
 36365 | D:15     | Found a shimmering altar of Xom.
 37048 | Spider:1 | Entered Level 1 of the Spider Nest
 37510 | Spider:1 | Paralysed by a jorogumo for 2 turns
 37730 | Spider:1 | Noticed Donald
 37747 | Spider:1 | Killed Donald
 37803 | Spider:1 | Reached XP level 17. HP: 137/137 MP: 29/36
 38502 | Spider:1 | Reached skill level 10 in Conjurations
 38502 | Spider:1 | Reached skill level 10 in Summonings
 38502 | Spider:1 | Reached skill level 10 in Translocations
 39256 | Spider:2 | Noticed Agnes
 39387 | Spider:2 | Noticed Arachne
 39429 | Spider:2 | Killed Arachne
 39601 | Spider:2 | Killed Agnes
 40165 | Spider:2 | Noticed Azrael
 40255 | Spider:2 | Killed Azrael
 40588 | Spider:2 | Reached skill level 10 in Hexes
 40588 | Spider:2 | Reached skill level 10 in Necromancy
 40588 | Spider:2 | Reached skill level 10 in Transmutations
 40588 | Spider:2 | Reached skill level 10 in Fire Magic
 40588 | Spider:2 | Reached skill level 10 in Ice Magic
 40588 | Spider:2 | Reached skill level 10 in Air Magic
 40588 | Spider:2 | Reached skill level 10 in Earth Magic
 40588 | Spider:2 | Reached skill level 10 in Poison Magic
 40854 | Spider:2 | Learned a level 1 spell: Shock
 40975 | Spider:2 | Learned a level 7 spell: Summon Hydra
 41602 | Spider:3 | Reached skill level 12 in Bows
 42263 | Spider:4 | Entered Level 4 of the Spider Nest
 42355 | Spider:3 | Reached XP level 18. HP: 146/146 MP: 33/37
 43232 | Spider:4 | Identified the +0 hat "Ijoit" {Int+6}
 43676 | Spider:4 | Got a gossamer rune of Zot
 43902 | Spider:4 | Noticed Asterion
 44821 | Spider:4 | Killed Asterion
 45248 | Elf:1    | Entered Level 1 of the Elven Halls
 45251 | Elf:1    | Paralysed by an air elemental for 1 turns
 45253 | Elf:1    | Paralysed by an air elemental for 1 turns
 45256 | Elf:1    | Paralysed by an air elemental for 1 turns
 45566 | Elf:1    | Identified the Catalogue of Darkness
 45649 | Elf:1    | Noticed Frances
 45745 | Elf:1    | Killed Frances
 45762 | Elf:1    | Noticed Kirke
 46044 | Elf:1    | Killed Kirke
 46117 | Elf:1    | Reached XP level 19. HP: 153/153 MP: 33/39
 46262 | Elf:1    | Paralysed by an air elemental for 1 turns
 46389 | Elf:1    | Learned a level 5 spell: Lee's Rapid Deconstruction
 46837 | Elf:2    | Found Ticsodd's Book Shop.
 46845 | Elf:2    | Bought a book of the Spheres for 918 gold pieces
 46870 | Elf:2    | Found a frozen archway.
 46973 | IceCv    | Entered an ice cave
 47271 | IceCv    | Reached skill level 13 in Bows
 48477 | Elf:2    | Found a runed translucent gate.
 48478 | Elf:2    | Found a runed translucent gate.
 48478 | Elf:2    | Found a runed translucent gate.
 48542 | Elf:3    | Entered Level 3 of the Elven Halls
 48664 | Elf:3    | Upgraded the game from 0.29-a0-8-g0446c0dae4 to
                  | 0.29-a0-9-g022ca4c890
 49707 | Shoals:1 | Entered Level 1 of the Shoals
 49707 | Shoals:1 | Found a gateway to a bazaar.
 49717 | Shoals:1 | Reached skill level 15 in Spellcasting
 49730 | Shoals:1 | Learned a level 7 spell: Orb of Destruction
 49843 | Shoals:1 | Found a shimmering altar of Xom.
 49861 | Shoals:1 | Identified the +3 plate armour of the Tundras {*Slow Fly
                  | rElec rPois}
 50492 | Shoals:1 | Reached XP level 20. HP: 166/166 MP: 41/41
 50836 | Shoals:2 | Noticed Polyphemus
 50988 | Shoals:2 | Identified the +0 ring mail "Macvunad" {rF+ Slay+2 SInv}
 51547 | Shoals:2 | Killed Polyphemus
 53511 | Shoals:4 | Entered Level 4 of the Shoals
 53523 | Shoals:4 | Reached skill level 15 in Invocations
 54067 | Bazaar   | Entered a bazaar
 54079 | Bazaar   | Found Sais Wuss's Antique Armour Emporium.
 54079 | Bazaar   | Found Ufad's Antique Armour Emporium.
 54085 | Bazaar   | Bought a translucent helmet for 266 gold pieces
 54085 | Bazaar   | Identified the +0 helmet of Morality {rPois Str+4} (You
                  | bought it in a shop in a bazaar)
 54098 | Bazaar   | Bought a brightly glowing robe for 102 gold pieces
 54098 | Bazaar   | Identified the +2 robe of the Heavens {rElec rN++ rCorr
                  | Int-3} (You bought it in a shop in a bazaar)
 54112 | Bazaar   | Found Deabihopp's Weapon Shoppe.
 54112 | Bazaar   | Found Vaenuox's Antique Armour Shoppe.
 54132 | Bazaar   | Bought a runed cloak for 187 gold pieces
 54152 | Bazaar   | Bought a pair of runed gloves for 210 gold pieces
 54520 | Shoals:4 | Paralysed by a sphinx for 4 turns
 54710 | Shoals:4 | Reached skill level 14 in Bows
 54798 | Shoals:4 | Paralysed by a sphinx for 3 turns
 55466 | Shoals:4 | Reached XP level 21. HP: 174/174 MP: 43/43
 55551 | Shoals:4 | Got a barnacled rune of Zot
 56056 | Lair:5   | Killed Sudoyheu's ghost
 56851 | Elf:3    | Identified the amulet of Neurosis {Spirit Will+ Regen+}
 57209 | Elf:3    | Identified the +1 leather armour "Gad Qoatt" {Str+2}
 57381 | Elf:3    | Cast into level 3 of the Abyss (a deep elf sorcerer)
 57614 | Abyss:3  | Noticed a profane servitor
 58050 | Abyss:3  | Reached skill level 15 in Dodging
 58050 | Abyss:3  | Reached skill level 15 in Stealth
 58050 | Abyss:3  | Reached XP level 22. HP: 122/182 MP: 37/44
 58050 | Abyss:3  | Reached XP level 23. HP: 126/188 MP: 37/45
 58050 | Abyss:3  | Got an abyssal rune of Zot
 58265 | Elf:3    | Escaped the Abyss
 58712 | Elf:3    | Identified Wuppyl's Tome of Hexes and Lightness
 58914 | Elf:3    | Identified Joschih's Grimoire of Evil
 59301 | Depths:1 | Entered Level 1 of the Depths
 59369 | Depths:1 | Found a one-way gate leading to the halls of Pandemonium.
 59401 | Depths:1 | Noticed Mara
 59456 | Depths:1 | Found a one-way gate to the infinite horrors of the Abyss.
 59492 | Depths:1 | Found Huwnavyr's General Store.
 59583 | Depths:1 | Found a one-way gateway to a ziggurat.
 59744 | Vaults:1 | Entered Level 1 of the Vaults
 59865 | Vaults:1 | Found a gateway to a bazaar.
 60071 | Vaults:1 | Learned a level 3 spell: Ozocubu's Armour
 60093 | Bazaar   | Entered a bazaar
 60093 | Bazaar   | Found Soclimed's Antique Weapon Shoppe.
 60093 | Bazaar   | Found Nimeraul's Book Emporium.
 60098 | Bazaar   | Found Huschih's Antique Weapon Emporium.
 60107 | Bazaar   | Bought a book of the Sky for 396 gold pieces
 60107 | Bazaar   | Bought a book of Debilitation for 180 gold pieces
 60107 | Bazaar   | Bought a book of Callings for 180 gold pieces
 60107 | Bazaar   | Bought a book of Transfigurations for 360 gold pieces
 60109 | Bazaar   | Found Gukhlaula's Jewellery Shoppe.
 60113 | Bazaar   | Bought an ichor-stained hand axe for 128 gold pieces
 60113 | Bazaar   | Identified the +5 hand axe of the Inferno {flame, *Rage
                  | rCorr Dex+5} (You bought it in a shop in a bazaar)
 60117 | Bazaar   | Bought the amulet of Heresy {RegenMP rElec rPois rN++
                  | Int-3} for 524 gold pieces
 62071 | Vaults:2 | Reached skill level 15 in Fighting
 62071 | Vaults:2 | Reached skill level 15 in Short Blades
 62071 | Vaults:2 | Reached skill level 15 in Long Blades
 62071 | Vaults:2 | Reached skill level 15 in Axes
 62071 | Vaults:2 | Reached skill level 15 in Maces & Flails
 62071 | Vaults:2 | Reached skill level 15 in Polearms
 62071 | Vaults:2 | Reached skill level 15 in Staves
 62071 | Vaults:2 | Reached skill level 15 in Slings
 62071 | Vaults:2 | Reached skill level 15 in Bows
 62071 | Vaults:2 | Reached skill level 15 in Crossbows
 62071 | Vaults:2 | Reached skill level 15 in Throwing
 62071 | Vaults:2 | Reached skill level 15 in Armour
 62071 | Vaults:2 | Reached skill level 15 in Shields
 62071 | Vaults:2 | Reached skill level 15 in Unarmed Combat
 62071 | Vaults:2 | Reached skill level 15 in Evocations
 62281 | Vaults:2 | Identified the cursed +2 pair of gloves "Per Aspera Ad
                  | Scientiam" {Str+3, Self, Bglg} (You bought it in a shop in
                  | a bazaar)
 62519 | Vaults:2 | Reached XP level 24. HP: 129/200 MP: 47/47
 63175 | Vaults:2 | Found a staircase to the Crypt.
 63185 | Vaults:2 | Found Beusuacw's Armour Shoppe.
 63224 | Vaults:2 | Upgraded the game from 0.29-a0-9-g022ca4c890 to
                  | 0.29-a0-11-ga75d3d97ab
 63703 | Vaults:3 | Noticed Sojobo
 63737 | Vaults:3 | Killed Sojobo
 63898 | Vaults:3 | Found a crumbling gateway.
 63944 | Desolati | Entered the Desolation of Salt
 64341 | Desolati | Identified Adaxet's Guide on Cloudy Stolen Souls
 64366 | Desolati | Identified the +9 fustibalus "Itun" {vorpal, rC+ Dex+6}
 64366 | Desolati | Identified the Compendium of Hurtful Orientation
 64366 | Desolati | Identified the ring of Attitude {rElec rPois Str-4 Int+6}
 64413 | Desolati | Identified the ring "Noletulo" {rN+++ Str+5 Int+6 Dex-5}
 64509 | Desolati | Identified the Papyrus of Poisoning and Earth
 64571 | Desolati | Identified the +5 quarterstaff of Fasedagy {elec, *Rage
                  | +Blink Will+ Dex+10}
 64728 | Desolati | Identified the ring "Peon" {rF+ rC+ Int+5 Dex-3 Slay+4}
 64728 | Desolati | Identified the +12 plate armour of Panentheism {Str+4 Int+4
                  | Stlth+}
 64798 | Desolati | Identified Roati's Papyrus of Cloudy Calling
 64966 | Desolati | Identified the ring "Kozegur" {Fly Str+5}
 64966 | Desolati | Identified the Handbook of Stones and Execration
 66715 | Vaults:3 | Learned a level 7 spell: Ozocubu's Refrigeration
 67921 | Vaults:4 | Reached XP level 25. HP: 208/208 MP: 47/47
 68755 | Vaults:4 | Identified the +2 great sword "Lacertilianslayer" {speed,
                  | rF++ Dex-5}
 69937 | Depths:1 | Reached ***** piety under Ashenzari
 70012 | Depths:1 | Found Cetwuidu's Jewellery Shoppe.
 70012 | Depths:1 | Found Qoquina's Book Boutique.
 70013 | Depths:1 | Found Vuebbowi's Book Boutique.
 70018 | Depths:1 | Bought a manual of Bows for 1520 gold pieces
 70146 | Depths:1 | Found a blossoming altar of Fedhas.
 70197 | Depths:1 | Reached skill level 16 in Bows
 70729 | Depths:2 | Found a transporter.
 70730 | Depths:2 | Noticed a dread lich
 70733 | Depths:2 | Noticed Bexyidur's ghost (adept OgFi)
 70734 | Depths:2 | Found a transporter.
 70945 | Depths:2 | Found a gateway to Hell.
 71116 | Depths:2 | Identified the +8 spear of Qearair {vorpal, rF- rN+ Stlth+}
 71289 | Depths:2 | Found a shadowy altar of Dithmenos.
 71476 | Depths:2 | Identified the ring of Cheibriados's Grace {rF+ Dex+4}
 72437 | Depths:3 | Noticed a juggernaut
 72490 | Depths:3 | Noticed a juggernaut
 72738 | Depths:3 | Noticed a juggernaut
 72857 | Depths:3 | Killed a juggernaut
 72956 | Depths:3 | Found a sacrificial altar of Ru.
 72956 | Depths:3 | Found an ancient bone altar of Kikubaaqudgha.
 72957 | Depths:3 | Found a white marble altar of Elyvilon.
 73104 | Depths:3 | Paralysed by a floating eye for 4 turns
 73271 | Depths:3 | Reached skill level 17 in Bows
 73409 | Depths:3 | Reached XP level 26. HP: 220/220 MP: 49/49
 73546 | Depths:3 | Killed a juggernaut
 73690 | Depths:3 | Killed a juggernaut
 73922 | Depths:3 | Identified the +6 long sword of the Tundras {vorpal, Int+4}
 74202 | Depths:3 | Learned a level 8 spell: Lehudib's Crystal Spear
 74558 | Depths:3 | Identified the +1 ring mail of Reason {rN++ Slay+2}
 74638 | Depths:4 | Entered Level 4 of the Depths
 74785 | Depths:4 | Found a sacrificial altar of Ru.
 74852 | Depths:4 | Found Ohilauti's Magic Scroll Shop.
 74856 | Depths:4 | Found Ehugupy's Assorted Antiques.
 74860 | Depths:4 | Bought a scroll of enchant weapon for 180 gold pieces
 74860 | Depths:4 | Bought a scroll of teleportation for 72 gold pieces
 74860 | Depths:4 | Bought a scroll of amnesia for 84 gold pieces
 74877 | Depths:4 | Bought a scroll of summoning for 237 gold pieces
 74877 | Depths:4 | Bought a scroll of enchant weapon for 187 gold pieces
 75262 | Depths:4 | Found a gate to the Realm of Zot.
 75504 | Depths:4 | Noticed the Enchantress
 75537 | Depths:4 | Identified the +6 scythe of Welfare {drain, rElec Str+5
                  | Dex+9 Stlth-}
 75554 | Depths:4 | Paralysed by a vampire knight for 6 turns
 75939 | Depths:4 | Reached skill level 18 in Bows
 75996 | Depths:4 | Killed the Enchantress
 76209 | Depths:4 | Learned a level 8 spell: Necromutation
 76533 | Crypt:1  | Entered Level 1 of the Crypt
 77293 | Crypt:1  | Found a runed translucent gate.
 77330 | Crypt:1  | Found an iron altar of Okawaru.
 77330 | Crypt:1  | Noticed Naexzyxton's ghost (veteran MfWn)
 77404 | Crypt:1  | Found a runed translucent gate.
 77404 | Crypt:1  | Found a runed translucent gate.
 77409 | Crypt:1  | Identified the +0 helmet of Zodosum {rElec Str+3}
 77625 | Crypt:2  | Reached XP level 27. HP: 213/229 MP: 49/49
 77791 | Crypt:2  | Noticed Margery
 77819 | Crypt:2  | Killed Margery
 78017 | Crypt:2  | Identified the amulet "Eca Omm" {Faith rC+ Str+4 Dex+3}
 78645 | Crypt:3  | Entered Level 3 of the Crypt
 78645 | Crypt:3  | Found a staircase to the Tomb.
 79254 | Crypt:3  | Reached skill level 15 in Conjurations
 79254 | Crypt:3  | Reached skill level 15 in Summonings
 79254 | Crypt:3  | Reached skill level 15 in Translocations
 79561 | Crypt:3  | Found a basalt altar of Yredelemnul.
 79661 | Crypt:3  | Learned a level 7 spell: Spellforged Servitor
 79830 | Crypt:3  | Reached skill level 19 in Bows
 79991 | Crypt:3  | Reached skill level 15 in Hexes
 79991 | Crypt:3  | Reached skill level 15 in Necromancy
 79991 | Crypt:3  | Reached skill level 15 in Transmutations
 79991 | Crypt:3  | Reached skill level 15 in Fire Magic
 79991 | Crypt:3  | Reached skill level 15 in Ice Magic
 79991 | Crypt:3  | Reached skill level 15 in Air Magic
 79991 | Crypt:3  | Reached skill level 15 in Earth Magic
 79991 | Crypt:3  | Reached skill level 15 in Poison Magic
 80262 | Crypt:3  | Noticed a dread lich
 80262 | Crypt:3  | Identified the Catalogue of Stolen Souls
 80275 | Crypt:3  | Identified the +1 hand axe of Painful Death {pain, rF+
                  | SInv}
 80281 | Crypt:3  | Killed a dread lich
 80825 | Depths:1 | Killed Mara
 80858 | Depths:1 | Noticed Saint Roka
 80878 | Depths:1 | Killed Saint Roka
 81236 | Zot:1    | Entered Level 1 of the Realm of Zot
 81657 | Zot:1    | Identified the +3 chain mail "Tuanuaps" {+Inv rPois}
 83208 | Zot:2    | Identified the +9 great sword "Voqobuyned" {drain, *Noise
                  | Fly Will+ Stlth+}
 83239 | Zot:2    | Noticed an orb of fire
 83773 | Zot:2    | Killed an orb of fire
 83779 | Zot:2    | Reached skill level 20 in Bows
 84144 | Zot:3    | Noticed a dread lich
 84275 | Zot:3    | Paralysed by a dread lich for 2 turns
 84277 | Zot:3    | Killed a dread lich
 84654 | Zot:3    | Noticed an orb of fire
 84780 | Zot:3    | Killed an orb of fire
 85863 | Zot:4    | Identified a scroll of acquirement
 85874 | Zot:4    | Acquired 1121 gold pieces
 87469 | Zot:5    | Entered Level 5 of the Realm of Zot
 87571 | Zot:5    | Learned a level 5 spell: Borgnjor's Vile Clutch
 87620 | Zot:5    | Reached skill level 21 in Bows
 88029 | Zot:5    | Noticed a dread lich
 88035 | Zot:5    | Killed a dread lich
 88185 | Zot:5    | Noticed an orb of fire
 88187 | Zot:5    | Gained mutation: Your body sometimes deteriorates upon
                  | taking damage. [an orb of fire]
 88190 | Zot:5    | Noticed an orb of fire
 88191 | Zot:5    | Noticed an ancient lich
 88192 | Zot:5    | Killed an orb of fire
 88193 | Zot:5    | Noticed a dread lich
 88193 | Zot:5    | Noticed an ancient lich
 88197 | Zot:5    | Noticed a dread lich
 88198 | Zot:5    | Noticed an ancient lich
 88214 | Zot:5    | Noticed a dread lich
 88214 | Zot:5    | Noticed an ancient lich
 88217 | Zot:5    | Noticed an orb of fire
 88225 | Zot:5    | Lost mutation: Your muscles are strong. (Str +2) [an orb of
                  | fire]
 88232 | Zot:5    | Slain by a death cob

Illustrated notes

Levels and vault maps discovered:
D:1:      minmay_arrival_hallway, layout_basic,
          hellmonk_ecumenical_altar_lost_god
D:2:      layout_basic, grunt_decor_resistance
D:3:      layout_basic
D:4:      layout_basic, serial_shops, nicolae_shop_advertising_works
          [nicolae_subvault_shop_adworks], minmay_unequal
D:5:      layout_cave_pools, minmay_temple_entry_fiery
D:6:      layout_gridville, gammafunk_ghost_cemetery
D:7:      layout_cave_pods, fiery_altar_vehumet
D:8:      layout_basic, erik_lair_island, enter_bailey_2,
          lightli_ossuary_entry_decrepit_ruins
D:9:      layout_cave_pools, lightli_fourway_metalbox
D:10:     layout_cave_pods, uniq_joseph, uniq_grum
D:11:     layout_rooms, nicolae_uskayaw_murder_on_the_dancefloor, uniq_sonja,
          uniq_gastronok, uniq_erica
D:12:     layout_big_octagon, gauntlet_entry_generic
D:13:     layout_stronghold, serial_shops, nicolae_shop_waterfront,
          cheibrodos_ashenzari_chains, uniq_maurice
D:14:     layout_basic, hangedman_vaults_entry_quadrant_bands,
          okawaru_metal_pillars_1_2, minmay_guarded_unrand_vampires_tooth
D:15:     hangedman_depths_entry_civil_slaughter, layout_cave_pools,
          nicolae_qazlal_eye_of_the_storm, serial_co_window_serial,
          co_window_corner_a, co_window_of_opportunity_a, co_window_cross_1,
          co_window_corner_a, co_window_paths_a, co_window_paths_a,
          co_window_corner_a, co_window_paths_c, co_window_of_opportunity_b,
          co_window_cross_4, co_window_unsneaky_path_c,
          co_window_unsneaky_path_e, co_window_paths_c, co_window_paths_d,
          glass_columns_b, glass_columns_b, glass_columns_a,
          minmay_misc_feat_encased, xom_confusion_cloud
Temple:   mainiacjoe_temple_archimedes_tessellation
Lair:1:   layout_regular_city, chequers_serial_rivers_room_b, st_stairs_10,
          beast_lair_carwin_5, uniq_harold
Lair:2:   layout_hall_layers
Lair:3:   layout_cave_pods, nicolae_spider_entry_non_spiders, basic_altar
Lair:4:   layout_layer_cave, shoals_dummy_entry, lemuel_old_faithful
Lair:5:   layout_loops_ring, nicolae_slime_entry_slimehenge,
          ebering_ghost_disaster_area, st_stairs_10, grunt_megastairs_3,
          infiniplex_staircase_pool_2, uniq_josephine
Lair:6:   hangedman_lair_caniforms_friends, layout_regular_city, wormcave,
          serial_bayou_shore_b
Shoals:1: layout_shoals, serial_shops, bzr_entry_islet, lemuel_oklob_altar
Shoals:2: layout_shoals, nicolae_shoals_pincushion_passage, uniq_polyphemus
Shoals:3: cheibrodos_shoals_roost, layout_shoals,
          nicolae_shoals_hidden_pirate_stash
Shoals:4: shoals_end_hellmonk_lost_city
Spider:1: nicolae_spider_hall_of_the_moth_king, uniq_donald
Spider:2: layout_chambers, uniq_agnes, uniq_azrael, uniq_arachne
Spider:3: layout_spider_delve, nicolae_spider_claw_tunnel
Spider:4: grunt_spider_rune_island, uniq_asterion
Orc:1:    layout_diamond_mine, serial_shops, nicolae_shop_hallway_stairs,
          basic_altar, library_closet, mines5_lemuel, uniq_jorgrun
Orc:2:    st_orc_ogre_mass, layout_caves
Elf:1:    nicolae_elf_arrival_aired_out, layout_gridlike, minmay_elf_necromancy,
          grunt_ministairs_2, hangedman_decor_cross_pass, uniq_frances,
          uniq_kirke
Elf:2:    nicolae_elf_blades_crystal_corner, layout_geoelf_octagon,
          portal_ice_cave_entry_frozen_things, serial_shops, shop,
          minmay_misc_feat_alley
Elf:3:    minmay_elf_hall_furrowed, layout_geoelf_grid
Vaults:1: nicolae_vaults_octagons, nicolae_vaults_diagonal_hallway_7,
          ontoclasm_vaults_ring_square, v_misc_29, ontoclasm_vaults_ligature,
          nicolae_vaults_asterisk, vaults_dpeg_spiral, vaults_room_door_hall,
          layout_vaults_big_room, serial_shops, bzr_entry_customers
Vaults:2: minmay_crypt_entry_simple_box, nicolae_vaults_c_with_doors, v_misc_28,
          v_misc_17, nicolae_vaults_ring_of_whatevers, v_misc_10,
          nicolae_vaults_big_angled_halls, nicolae_vaults_network_s,
          layout_vaults_omnigrid, serial_shops, shop
Vaults:3: portal_desolation_entry_twin_temple, v_misc_14,
          ontoclasm_vaults_claustrophobia, v_misc_11,
          ontoclasm_vaults_decontamination, hangedman_vaults_cutoff, v_misc_31,
          nicolae_vaults_little_squares_3, grunt_vaults_swirl, vaults_room_pool,
          layout_vaults_ring, uniq_sojobo
Vaults:4: v_rooms_2, vaults_room_fours, ontoclasm_vaults_hangar,
          nicolae_vaults_little_squares_6, ontoclasm_vaults_gateway,
          hangedman_vaults_river_flow, v_misc_23, vaults_room_grid,
          hangedman_vaults_pinch, ontoclasm_vaults_fault, v_alt_pattern_3,
          vaults_mumra_chevron_long, v_misc_24, ontoclasm_vaults_pinch,
          hangedman_vaults_stitches, vaults_dpeg_hooks, dpeg_vaults_monster_box,
          v_misc_19, layout_vaults_omnicross
Crypt:1:  layout_chaotic_city, gammafunk_ghost_fury_of_okawaru
Crypt:2:  layout_regular_city, corner_web_ring, uniq_margery
Crypt:3:  church_of_pain_bobbens, layout_chaotic_city, grunt_ministairs_15,
          minivault_19, lemuel_freeze_loot_1
Depths:1: layout_gridlike, enter_ziggurat_a, serial_shops, shop,
          abyss_entry_small_statue_room, grunt_pan_entry_spiral, hell_entry,
          bh_walls_and_bars, hex_large, fedhas_altar_4, minmay_shop_grove,
          uniq_mara, uniq_saint_roka
Depths:2: thingy_vault, layout_gridlike, gammafunk_ghost_mausoleum,
          pf_coc_iceberg, rand_demon_pan_entry_7, dk_noncrumbling_4,
          kennysheep_path_1, nrook_campfire,
          nicolae_dithmenos_through_a_glass_darkly
Depths:3: hangedman_slaughterboxes, abyss_entry, hell_entry
Depths:4: grunt_zot_entry_funnels, layout_basic, serial_bayou,
          serial_bayou_crossing, serial_bayou_shore_a, serial_bayou_shore_b,
          serial_bayou_pond_d, hangedman_abyss_entry_splay, hell_entry,
          minmay_misc_feat_secret_circle, hangedman_ru_absence,
          serial_bayou_shore_b, minmay_shop_star, uniq_enchantress
Zot:1:    layout_basic
Zot:2:    layout_basic, zot_minivault_1
Zot:3:    ebering_klown_carousel, layout_basic
Zot:4:    layout_gridlike, st_small_dragon_hoard_3, hangedman_zot_wheel_spokes
Zot:5:    layout_misc_corridors, st_stairs_2

Skill      XL: |  1  2  3  4  5  6  7  8  9 10 11 12 13 14 15 16 17 18 19 20 21 22 23 24 25 26 27 |
---------------+----------------------------------------------------------------------------------+-----
Conjurations   | 2 3 4 5 6 7 8 9 10 11 12 13 14 16 | 16.1
Summonings     | 2 3 4 5 6 7 8 9 10 11 12 13 14 16 | 16.1
Translocations | 2 3 4 5 6 7 8 9 10 11 12 13 14 16 | 16.1
Invocations    | 1 2 3 4 5 6 7 8 9 10 11 12 13 14 15 16 17 18 20 | 20.3
Fighting       | 1 2 3 4 5 6 7 8 9 10 11 12 13 14 15 16 17 18 | 18.8
Short Blades   | 1 2 3 4 5 6 7 8 9 10 11 12 13 14 15 16 17 18 | 18.8
Long Blades    | 1 2 3 4 5 6 7 8 9 10 11 12 13 14 15 16 17 19 | 19.8
Axes           | 1 2 3 4 5 6 7 8 9 10 11 12 13 14 15 16 17 18 | 18.8
Maces & Flails | 1 2 3 4 5 6 7 8 9 10 11 12 13 14 15 16 17 18 | 18.8
Polearms       | 1 2 3 4 5 6 7 8 9 10 11 12 13 14 15 16 17 18 | 18.8
Staves         | 1 2 3 4 5 6 7 8 9 10 11 12 13 14 15 16 17 18 | 18.8
Slings         | 1 2 3 4 5 6 7 8 9 10 11 12 13 14 15 16 17 18 | 18.8
Bows           | 1 2 3 4 5 6 7 8 9 10 11 12 13 14 15 17 18 21 | 21.1
Crossbows      | 1 2 3 4 5 6 7 8 9 10 11 12 13 14 15 16 17 18 | 18.8
Throwing       | 1 2 3 4 5 6 7 8 9 10 11 12 13 14 15 16 17 18 | 18.8
Armour         | 1 2 3 4 5 6 7 8 9 10 11 12 13 14 15 16 17 18 | 18.8
Shields        | 1 2 3 4 5 6 7 8 9 10 11 12 13 14 15 16 17 18 | 18.8
Unarmed Combat | 1 2 3 4 5 6 7 8 9 10 11 12 13 14 15 16 17 18 | 18.8
Evocations     | 1 2 3 4 5 6 7 8 9 10 11 12 13 14 15 16 17 18 | 18.8
Hexes          | 1 2 3 4 5 6 7 8 9 10 11 12 13 14 16 | 16.0
Necromancy     | 1 2 3 4 5 6 7 8 9 10 11 12 13 14 16 | 16.0
Transmutations | 1 2 3 4 5 6 7 8 9 10 11 12 13 14 16 | 16.0
Fire Magic     | 1 2 3 4 5 6 7 8 9 10 11 12 13 14 16 | 16.0
Ice Magic      | 1 2 3 4 5 6 7 8 9 10 11 12 13 14 16 | 16.0
Air Magic      | 1 2 3 4 5 6 7 8 9 10 11 12 13 14 16 | 16.0
Earth Magic    | 1 2 3 4 5 6 7 8 9 10 11 12 13 14 16 | 16.0
Poison Magic   | 1 2 3 4 5 6 7 8 9 10 11 12 13 14 16 | 16.0
Dodging        | 5 6 7 8 9 10 11 12 13 14 15 16 17 19 | 19.2
Stealth        | 5 6 7 8 9 10 11 12 13 14 15 16 17 19 | 19.2
Spellcasting   | 8 9 10 11 12 13 14 15 16 17 18 19 | 19.9

Action                   |  1- 3 |  4- 6 |  7- 9 | 10-12 | 13-15 | 16-18 | 19-21 | 22-24 | 25-27 || total
-------------------------+-------+-------+-------+-------+-------+-------+-------+-------+-------++-------
Melee: Bite              |     1 |       |    25 |    67 |   254 |   409 |   249 |   263 |   462 ||  1730
       Dagger            |     1 |       |       |       |       |       |       |       |       ||     1
       Spear             |       |     9 |   173 |   565 |  1445 |   747 |    14 |       |       ||  2953
       Headbutt          |       |       |    23 |     3 |       |       |       |       |       ||    26
       Punch             |       |       |     4 |    31 |    78 |       |       |       |       ||   113
       Unarmed           |       |       |       |     9 |       |       |       |       |       ||     9
       Scimitar          |       |       |       |       |     7 |       |       |       |       ||     7
       Quick blade       |       |       |       |       |       |  1529 |   559 |   132 |   258 ||  2478
       Double sword      |       |       |       |       |       |       |   700 |  1015 |  2049 ||  3764
 Fire: Hand crossbow     |    14 |    27 |    61 |    18 |       |       |       |       |       ||   120
 Cast: Magic Dart        |    34 |    86 |    17 |    63 |    46 |    17 |     7 |     2 |     4 ||   276
       Call Imp          |     2 |     2 |     7 |    10 |       |       |       |       |       ||    21
       Blink             |       |       |     3 |     3 |       |       |     4 |     3 |     1 ||    14
       Mephitic Cloud    |       |       |    12 |    50 |    92 |    57 |    23 |     3 |     1 ||   238
       Ignite Poison     |       |       |     9 |    37 |    75 |    46 |    20 |     2 |     1 ||   190
       Sticky Flame      |       |       |     1 |    51 |   145 |   135 |    24 |    19 |    69 ||   444
       Summon Forest     |       |       |       |     3 |     8 |       |     1 |     6 |     1 ||    19
       Metabolic Englaci |       |       |       |       |    19 |     4 |     2 |     9 |    44 ||    78
       Statue Form       |       |       |       |       |     5 |    63 |     5 |     5 |     1 ||    79
       Flame Wave        |       |       |       |       |       |     5 |     2 |       |       ||     7
       Shock             |       |       |       |       |       |     5 |     3 |       |       ||     8
       Summon Hydra      |       |       |       |       |       |    10 |    52 |    44 |    30 ||   136
       Lee's Rapid Decon |       |       |       |       |       |       |    14 |     4 |    17 ||    35
       Orb of Destructio |       |       |       |       |       |       |    28 |    29 |    61 ||   118
       Ozocubu's Refrige |       |       |       |       |       |       |       |     3 |    84 ||    87
       Ozocubu's Armour  |       |       |       |       |       |       |       |       |    30 ||    30
       Necromutation     |       |       |       |       |       |       |       |       |    61 ||    61
       Spellforged Servi |       |       |       |       |       |       |       |       |    28 ||    28
       Lehudib's Crystal |       |       |       |       |       |       |       |       |    17 ||    17
Invok: Curse Item        |       |       |     1 |     3 |     4 |     2 |     1 |     1 |     1 ||    13
       Shatter the Chain |       |       |       |       |     3 |     1 |     1 |       |       ||     5
 Abil: End Transformatio |       |       |       |       |       |     3 |     2 |     1 |     1 ||     7
Evoke: Wand              |       |       |       |       |     2 |       |     3 |       |     1 ||     6
       Box of beasts     |       |       |       |       |       |     2 |       |       |     1 ||     3
       Tin of tremorston |       |       |       |       |       |       |       |       |     2 ||     2
       Condenser vane    |       |       |       |       |       |       |       |       |     2 ||     2
       Lightning rod     |       |       |       |       |       |       |       |       |     1 ||     1
       Phial of floods   |       |       |       |       |       |       |       |       |     1 ||     1
       Phantom mirror    |       |       |       |       |       |       |       |       |     1 ||     1
  Use: Potion            |       |       |     4 |     4 |     5 |     1 |     4 |     6 |     3 ||    27
       Scroll            |       |       |     8 |       |     2 |     1 |    15 |     4 |    19 ||    49
 Stab: Sleeping          |       |       |     3 |     9 |    17 |    46 |    65 |    71 |   179 ||   390
       Confused          |       |       |     1 |    14 |    40 |    17 |     4 |       |       ||    76
       Distracted        |       |       |     1 |     1 |     4 |    10 |    10 |     9 |    22 ||    57
Armor: Robe              |     1 |     6 |    60 |    79 |    38 |   131 |   236 |   237 |   634 ||  1422
       Troll leather arm |       |       |       |   114 |   343 |       |       |       |       ||   457
       Skin              |       |       |       |       |    25 |   722 |    30 |    53 |       ||   830
Dodge: Dodged            |     9 |    10 |   111 |   374 |   816 |  1417 |   660 |   798 |  1498 ||  5693
       Repelled          |       |       |       |     1 |    12 |     9 |       |       |       ||    22
Block: Buckler           |       |       |       |       |   103 |  1457 |   778 |   562 |   991 ||  3891
       Reflection        |       |       |       |       |     2 |    26 |    77 |    11 |       ||   116

Table legend: (Time is in decaauts)
 A = Elapsed time spent in this place.
 B = Non-inter-level travel time spent in this place.
 C = Inter-level travel time spent in this place.
 D = Time resting spent in this place.
 E = Time spent auto-exploring this place.
 F = Levels seen in this place.
 G = Mean time per level.
                   A        B        C        D        E       F      G
               +--------+--------+--------+--------+--------+-----+--------+
         Total |  86468 |  78503 |   7965 |  15279 |  20663 |  59 | 1465.6 |
       Dungeon |  21659 |  18426 |   3233 |   2355 |  10377 |  15 | 1443.9 |
        Temple |    257 |    245 |     12 |      0 |    200 |   1 |  257.0 |
          Lair |  13696 |  12410 |   1286 |   3219 |   4947 |   6 | 2282.7 |
        Shoals |   5786 |   5570 |    216 |   1087 |    999 |   4 | 1446.5 |
   Spider Nest |   7326 |   7099 |    227 |   1649 |    905 |   4 | 1831.5 |
  Orcish Mines |   2342 |   2082 |    260 |    496 |    798 |   2 | 1171.0 |
   Elven Halls |   4912 |   4643 |    269 |   1447 |    213 |   3 | 1637.3 |
        Vaults |   7540 |   6604 |    936 |    744 |    733 |   4 | 1885.0 |
         Crypt |   3572 |   3462 |    110 |    191 |     78 |   3 | 1190.7 |
        Depths |   7770 |   6796 |    974 |   1287 |    458 |   4 | 1942.5 |
           Zot |   6226 |   5788 |    438 |   1258 |    428 |   5 | 1245.2 |
         Abyss |    820 |    820 |      0 |    204 |      0 |   1 |  820.0 |
        Bazaar |    136 |    136 |      0 |      0 |      0 |   2 |   68.0 |
       Ossuary |    278 |    278 |      0 |     73 |      1 |   1 |  278.0 |
        Bailey |    736 |    736 |      0 |    428 |      0 |   1 |  736.0 |
      Ice Cave |   1049 |   1049 |      0 |    495 |      0 |   1 | 1049.0 |
    Desolation |   1347 |   1347 |      0 |    221 |    244 |   1 | 1347.0 |
      Gauntlet |   1007 |   1007 |      0 |    121 |    280 |   1 | 1007.0 |
               +--------+--------+--------+--------+--------+-----+--------+

Top non-repeatable levels by time:
  Lair:6: 3410 daAuts
    D:14: 3196 daAuts
   Elf:3: 2752 daAuts
Depths:3: 2661 daAuts
     D:8: 2515 daAuts
  Lair:3: 2508 daAuts
  Lair:1: 2484 daAuts
Spider:4: 2162 daAuts
Vaults:3: 2142 daAuts
Vaults:1: 2140 daAuts
    D:15: 2093 daAuts
   Zot:2: 1958 daAuts
  Lair:5: 1921 daAuts
Shoals:4: 1903 daAuts
Spider:3: 1865 daAuts
